 Dungeon Crawl Stone Soup version 0.17.1-3-g152610e (webtiles) character file.

240 Peloso the Covered (level 5, 0/47 HPs)
             Began as a Minotaur Fighter on Apr 18, 2016.
             Was an Initiate of Okawaru.
             Slain by an ogre
             ... wielding a +0 giant club
              (27 damage)
             ... on level 4 of the Dungeon.
             The game lasted 00:05:38 (2495 turns).

Peloso the Covered (Minotaur Fighter)               Turns: 2495, Time: 00:05:38

Health: 0/47       AC:  8    Str: 21    XL:     5   Next: 80%
Magic:  4/4        EV:  8    Int:  5    God:    Okawaru [......]
Gold:   241        SH: 10    Dex: 10    Spells: 0 memorised, 4 levels left

rFire  . . .     SeeInvis .     a - +0 long sword
rCold  . . .     Clarity  .     b - +0 scale mail
rNeg   . . .     SustAt   .     c - +0 shield
rPois  .         Gourm    .     (helmet restricted)
rElec  .         Spirit   .     f - +0 cloak
rCorr  .         Warding  .     (no gloves)
rMut   .         Stasis   .     (no boots)
MR     .....                    (no amulet)
Stlth  ..........               (no ring)
                                (no ring)

@: not resistant to hostile enchantments, extremely unstealthy
A: retaliatory headbutt, horns 2
a: Renounce Religion


You were on level 4 of the Dungeon.
You worshipped Okawaru.
Okawaru was noncommittal.
You were not hungry.

You visited 1 branch of the dungeon, and saw 4 of its levels.

You collected 241 gold pieces.

Inventory:

Hand Weapons
 a - a +0 long sword (weapon)
Armour
 b - a +0 scale mail (worn)
 c - a +0 shield (worn)
 f - a +0 cloak (worn)
Wands
 n - a wand of polymorph (11)
Scrolls
 g - a scroll of fear
 j - a scroll of fog
 l - a scroll of magic mapping {unknown}
 p - a scroll of identify
 r - a scroll of random uselessness {unknown}
 s - a scroll of teleportation
Potions
 d - 2 potions of might
 h - a potion of ambrosia {unknown}
 k - a potion of agility {unknown}
 m - a potion of cancellation {unknown}
 o - a potion of poison {unknown}
 q - 2 potions of mutation {unknown}
 t - a potion of curing {unknown}
Comestibles
 e - 4 bread rations
 i - 2 meat rations


   Skills:
 + Level 4.6 Fighting
 + Level 3.1 Long Blades
 + Level 5.4 Armour
 + Level 1.8 Dodging
 + Level 0.1 Stealth
 + Level 5.2 Shields


You had 4 spell levels left.
You didn't know any spells.

Dungeon Overview and Level Annotations

Branches:
Dungeon (4/15)
 Temple: D:4-7

Altars:
Ashenzari
Cheibriados
Okawaru
Zin
The Shining One


Innate Abilities, Weirdness & Mutations

You reflexively headbutt those who attack you in melee.
You have a pair of horns on your head.


Message History

The orc wizard shouts!
An orc and an ogre come into view.
The ogre shouts!
The orc moves out of view.
An orc comes into view.
The orc shouts!
You block the orc wizard's attack.
You hit the orc wizard. Your headbutt misses the orc wizard.
The orc wizard is lightly wounded.
The orc wizard gestures wildly while chanting.
The orc wizard blinks!
You barely miss the orc wizard. You headbutt the orc wizard!
The orc wizard is heavily wounded.
The orc wizard points at you and mumbles some strange words.
The magic dart hits you!
The orc wizard gestures at you while chanting.
The magic dart hits you! The ogre hits you with a giant club!!
Ouch! That really hurt!
You die...

#..#.#.# ..#.#.# ##
....... .# # .........
> #...##.# . #...##.#
. ####.oo##.#### .
#......O@....#
.########.##.#.o.....#
...†.................#
..######..####.......#
..# #..# #.......# ..#
#†.# #.......#
..######..# #.......#
..........# ##.######
..#######.# #.#


You could see an ogre, an orc wizard and 2 orcs.

Vanquished Creatures
  2 orc wizards (D:3)
  A hound (D:4)
  Robin (D:3)
  2 gnolls (D:3)
  6 adders
  8 orcs (D:3)
  8 bats
  A giant cockroach (D:3)
  13 goblins
  11 hobgoblins
  3 jackals (D:2)
  6 kobolds
  2 giant geckos
  4 giant newts
  4 rats
72 creatures vanquished.

Notes
Turn   | Place    | Note
--------------------------------------------------------------
     0 | D:1      | Peloso the Minotaur Fighter began the quest for the Orb.
     0 | D:1      | Reached XP level 1. HP: 19/19 MP: 0/0
   240 | D:1      | Reached XP level 2. HP: 25/27 MP: 1/1
   325 | D:1      | Reached skill level 4 in Fighting
   542 | D:2      | Found a glowing golden altar of the Shining One.
   637 | D:2      | Found a shattered altar of Ashenzari.
   682 | D:2      | Reached XP level 3. HP: 30/33 MP: 2/2
   991 | D:2      | Found a snail-covered altar of Cheibriados.
   992 | D:2      | Found a glowing silver altar of Zin.
  1328 | D:3      | Reached skill level 1 in Dodging
  1328 | D:3      | Reached XP level 4. HP: 36/40 MP: 3/3
  1587 | D:3      | Reached XP level 5. HP: 44/47 MP: 4/4
  1591 | D:3      | Noticed Robin
  1615 | D:3      | Killed Robin
  1615 | D:3      | Reached skill level 5 in Armour
  2113 | D:3      | Found an iron altar of Okawaru.
  2120 | D:3      | Reached skill level 5 in Shields
  2252 | D:3      | Became a worshipper of Warmaster Okawaru
  2490 | D:4      | Noticed an ogre
  2495 | D:4      | Slain by an ogre

Action                   |  1- 3 |  4- 6 || total
-------------------------+-------+-------++-------
Melee: Long sword        |    78 |   107 ||   185
  Use: Scroll            |       |     6 ||     6
  Eat: Chunk             |     1 |     4 ||     5
